 Dungeon Crawl Stone Soup version 0.31.0-11-ge490571c62 (webtiles) character file.

Game seed: 17050109803178157490

200 Arcadio the Cudgeller (level 5, -5/45 HPs)
             Began as an Armataur Gladiator on Jan 26, 2024.
             Slain by Crazy Yiuf
             ... wielding a +3 quarterstaff of chaos
              (12 damage)
             ... on level 2 of the Dungeon.
             The game lasted 00:02:51 (1820 turns).

Arcadio the Cudgeller (Armataur Gladiator)          Turns: 1820, Time: 00:02:52

Health: -5/45      AC:  6    Str: 22    XL:     5   Next: 49%
Magic:  0/5        EV:  9    Int:  8    God:
Gold:   87         SH:  0    Dex: 11    Spells: 4/4 levels left

rFire   . . .        a - +0 flail
rCold   . . .        (no shield)
rNeg    . . .        b - +0 leather armour
rPois   .            c - +0 helmet
rElec   .            (no cloak)
rCorr   .            (no gloves)
SInv    +            (no barding)
Will    .....        (no amulet)
Stlth   +            k - ring of see invisible
HPRegen 0.27/turn    (no ring)
MPRegen 0.09/turn

%: roll
@: lethally poisoned (-5 -> -7)
A: large, deformed body, tough skin 3, armoured tail, roll 1
a: no special abilities


You were on level 2 of the Dungeon.
You visited 1 branch of the dungeon, and saw 2 of its levels.

You collected 87 gold pieces.

Inventory:

Hand Weapons
 a - a +0 flail (weapon)
Missiles
 d - 3 throwing nets (quivered)
 e - a javelin
Armour
 b - a +0 leather armour (worn)
 c - a +0 helmet (worn)
 m - a +0 chain mail
Jewellery
 k - a ring of see invisible (left hand)
Scrolls
 f - a scroll of amnesia {unknown}
 h - a scroll of fog {unknown}
 j - a scroll of silence {unknown}
 l - 3 scrolls of identify {unknown}
 o - a scroll of immolation {unknown}
Potions
 i - a potion of brilliance {unknown}
 n - a potion of invisibility {unknown}


   Skills:
 + Level 3.3 Fighting
 + Level 3.9 Maces & Flails
 - Level 1.7 Throwing
 + Level 3.4 Armour
 - Level 2.1 Dodging


You had 4 spell levels left.
You didn't know any spells.
Your spell library was empty.

Dungeon Overview and Level Annotations

Branches:
Dungeon (2/15)

Altars:

Annotations:
D:2 Crazy Yiuf


Innate Abilities, Weirdness & Mutations

Armour fits poorly on your strangely shaped body.
You have extremely tough skin. (AC +3)
You have a long armoured tail.
You regenerate magic when rolling toward enemies. (Rampage MPRegen)


Message History

You open the door.
There is an open door here.
Crazy Yiuf shouts!
Okay, then.
You open the door.
Crazy Yiuf says, "Liver verde seventy!"
You hit Crazy Yiuf.
Crazy Yiuf is moderately wounded.
Crazy Yiuf zaps a wand.
The puff of flame hits you.
You hit Crazy Yiuf.
Crazy Yiuf is moderately wounded.
Crazy Yiuf hits you with a +3 quarterstaff of chaos!
You are poisoned.
Crazy Yiuf barely misses you.
You hit Crazy Yiuf but do no damage.
Crazy Yiuf is moderately wounded.
You feel very sick.
Crazy Yiuf zaps a wand.
The puff of flame hits you.
You feel much better.
You feel very sick.
Crazy Yiuf zaps a wand.
The puff of flame misses you.
You hit Crazy Yiuf. You tail-slap Crazy Yiuf.
Crazy Yiuf is heavily wounded.
You feel very sick. Crazy Yiuf closely misses you.
You hit Crazy Yiuf. You tail-slap Crazy Yiuf.
Crazy Yiuf is severely wounded.
You feel sick.
Crazy Yiuf hits you with a +3 quarterstaff of chaos!
You hit Crazy Yiuf.
Crazy Yiuf is almost dead.
You feel sick.
Crazy Yiuf hits you with a +3 quarterstaff of chaos!
* * * LOW HITPOINT WARNING * * *
You feel your power leaking away.
You barely miss Crazy Yiuf.
Crazy Yiuf is almost dead.
You feel sick.
Crazy Yiuf hits you with a +3 quarterstaff of chaos!
You die...

#......##.#
#.#..####.>...
#......##.#
#.#..........#
###......##.#
#.#..........#
#...#########
######.#####.# #...#
#.##....# #...#
#.##....# ###.# ###
♣♣##..#....# ###
#)..#♣♣ ♣♣..#..#....+
######
#...g@♣♣♣♣......#....#
#....#
#...#♣..♣......###†###
#....# ### ♣♣♣.♣...###
#.### #####....#
♣♣♣♣♣## #....
....'....# #########
#####....# ### ####
#......). #....# #.#
#..# ######### #....#
#.# #..# # #....# #.#
#..# #


You could see Crazy Yiuf.

Vanquished Creatures
  Sigmund (D:2)
  A ribbon worm (D:2)
  A dart slug (D:2)
  2 endoplasms
  A giant cockroach (D:1)
  3 goblins (D:1)
  A hobgoblin (D:2)
  3 jackals (D:1)
  10 frilled lizards
  4 kobolds
  4 rats
31 creatures vanquished.

Notes
Turn   | Place    | Note
-------+----------+-------------------------------------------
     0 | D:1      | Arcadio the Armataur Gladiator began the quest for the Orb.
     0 | D:1      | Reached XP level 1. HP: 17/17 MP: 1/1
   396 | D:1      | Reached skill level 1 in Armour
   396 | D:1      | Reached XP level 2. HP: 24/24 MP: 2/2
  1011 | D:2      | Noticed Sigmund
  1210 | D:2      | Killed Sigmund
  1211 | D:2      | Reached XP level 3. HP: 23/31 MP: 3/3
  1211 | D:2      | Reached XP level 4. HP: 29/38 MP: 4/4
  1211 | D:2      | Reached XP level 5. HP: 34/45 MP: 5/5
  1538 | D:2      | Found a runed translucent door.
  1539 | D:2      | Noticed Crazy Yiuf
  1820 | D:2      | Slain by Crazy Yiuf

Illustrated notes

Levels and vault maps discovered:
D:1:      roderic_octagonal_star, layout_basic, serial_park_tiny_2,
          minmay_lizard_pond
D:2:      layout_basic, minmay_misc_feat_four_crosses, uniq_sigmund,
          uniq_crazy_yiuf_cottage

Skill      XL: |  1  2 |
---------------+-------+-----
Fighting       | 2 3 |  3.3
Armour         | 1 3 |  3.4
Maces & Flails | 3 |  3.9
Throwing       | |  1.7
Dodging        | |  2.1

Action                     |  1- 3 |  4- 6 || total
---------------------------+-------+-------++-------
  Melee: Flail             |    79 |    37 ||   116
         Tailslap          |     4 |     4 ||     8
    Use: Potion            |     2 |     1 ||     3
 Armour: Leather armour    |    75 |    18 ||    93
  Dodge: Dodged            |    44 |    20 ||    64
